 Dungeon Crawl Stone Soup version 0.32-a0-685-g93135e86f0 (webtiles) character file.

Game seed: 17730156158364445599

357972 gribnar the Warrior (level 22, -2/176 (185) HPs)
             Began as a Coglin Hunter on Mar 13, 2024.
             Was the Champion of Dithmenos.
             Slain by a +6 short sword of draining (10 damage)
             ... animated by Zenata
             ... on level 1 of the Elven Halls.
             The game lasted 01:45:31 (36793 turns).

gribnar the Warrior (Coglin Hunter)                Turns: 36793, Time: 01:45:31

HP:   -2/176 (185)  AC: 11    Str: 13    XL:     22   Next: 37%
MP:   30/30         EV: 29    Int:  9    God:    Dithmenos [******]
Gold: 2001          SH:  0    Dex: 29    Spells: 21/21 levels left

rFire   . . .        M - +7 hand cannon (flame) {Hua}
rCold   . . .        L - +3 greatsling "Punk" {acid, rCorr}
rNeg    . . .        H - +1 leather armour of Noon {+Inv SInv}
rPois   +            v - +1 helmet
rElec   +            w - +1 cloak
rCorr   +            T - +1 pair of gloves of the Baku {rElec Slay+2}
SInv    +            e - +0 pair of boots
Will    +....        (amulet unavailable) Stlth ****++++++
                     (ring unavailable)
HPRegen 1.29/turn    (ring unavailable)
MPRegen 0.22/turn    P - dynamic matrix {AutoDazzle, rPois rCorr Slay+3}

%: no passive effects
@: wreathed by umbra, studying Maces & Flails, lightly drained, revving
A: off-hand wielding, slow wielding, warmup strikes, no jewellery, thin skeletal
structure 1, regeneration 1
}: 2/15 runes: serpentine, barnacled
a: Renounce Religion, Evoke Invisibility, Shadow Step, Shadow Form


You were on level 1 of the Elven Halls.
You worshipped Dithmenos.
Dithmenos was exalted by your worship.
You visited 8 branches of the dungeon, and saw 36 of its levels.
You also visited: Bailey.

You collected 4098 gold pieces.
You spent 2097 gold pieces at shops.

Inventory:

Hand Weapons
 k - the +2 sling "Goli" {antimagic, rC+ Str+2}
   (You found it on level 3 of the Dungeon)

   Str+2:     It affects your strength (+2).
   rC+:       It protects you from cold.
 L - the +3 greatsling "Punk" (offhand) {acid, rCorr}
   (You acquired it on level 6 of the Dungeon)

   rCorr:     It protects you from acid and corrosion.
 M - a +7 hand cannon of flaming (weapon) {Hua}
Missiles
 c - 7 throwing nets
Armour
 d - +1 steam dragon scales
 e - a +0 pair of boots (worn)
 v - a +1 helmet (worn)
 w - a +1 cloak (worn)
 H - the +1 leather armour of Noon (worn) {+Inv SInv}
   (You found it on level 2 of the Lair of Beasts)

   SInv:      It lets you see invisible.
   +Inv:      It lets you turn invisible.
 T - the +1 pair of gloves of the Baku (worn) {rElec Slay+2}
   (You found it on level 4 of the Vaults)

   Slay+2:    It affects your accuracy & damage with ranged weapons and melee
   (+2).
   rElec:     It insulates you from electricity.
Gizmo
 P - a dynamic matrix (installed) {AutoDazzle, rPois rCorr Slay+3}
   (You invented it yourself on level 13 of the Dungeon)

   [dynamic matrix]

   AutoDazzle: It sometimes fires a blinding ray at enemies whose attacks you
   dodge.
   Slay+3:    It affects your accuracy & damage with ranged weapons and melee
   (+3).
   rPois:     It protects you from poison.
   rCorr:     It protects you from acid and corrosion.
Wands
 h - a wand of paralysis (38)
 x - a wand of warping (31)
 D - a wand of flame (39)
 E - a wand of mindburst (12)
 O - a wand of quicksilver (19)
 V - a wand of digging (5)
Scrolls
 b - a scroll of butterflies
 f - 7 scrolls of teleportation
 j - 12 scrolls of revelation
 l - a scroll of summoning
 m - 3 scrolls of noise
 p - 12 scrolls of enchant armour
 s - a scroll of fear
 t - 3 scrolls of immolation
 y - a scroll of brand weapon
 C - 10 scrolls of poison
 G - 5 scrolls of vulnerability
 N - a scroll of torment
 W - 2 scrolls of silence
 X - a scroll of blinking
 Y - 3 scrolls of fog
Potions
 g - 2 potions of enlightenment
 i - 10 potions of mutation
 n - 3 potions of lignification
 o - 6 potions of might
 q - 6 potions of attraction
 r - 22 potions of curing
 z - 2 potions of berserk rage
 A - 2 potions of invisibility
 B - 3 potions of ambrosia
 J - a potion of magic
 K - 2 potions of resistance
 R - 3 potions of haste
 S - 4 potions of brilliance
 U - 2 potions of cancellation
Miscellaneous
 a - a phantom mirror (inert)
 u - a box of beasts
 F - a condenser vane
 Q - a phial of floods


   Skills:
 + Level 18.4 Fighting
 - Level 18.0 Ranged Weapons
 + Level 17.0 Dodging
 + Level 14.9 Stealth
 + Level 11.2 Invocations
 + Level 17.7 Evocations


You had 21 spell levels left.
You didn't know any spells.
Your spell library contained the following spells:

 Spells                   Type           Power      Damage    Failure   Level
 Foxfire                  Conj/Fire      0%         2x1d4     45%         1
 Magic Dart               Conj           0%         1d3       45%         1
 Summon Small Mammal      Summ           0%         N/A       45%         1
 Blink                    Tloc           0%         N/A       61%         2
 Call Imp                 Summ           0%         N/A       61%         2
 Lesser Beckoning         Tloc           0%         N/A       61%         2
 Momentum Strike          Conj/Tloc      0%         3d8       61%         2
 Searing Ray              Conj           0%         2d4       61%         2
 Sublimation of Blood     Necr           0%         N/A       61%         2
 Call Canine Familiar     Summ           0%         N/A       83%         3
 Hailstorm                Conj/Ice       0%         3d5       83%         3
 Inner Flame              Hex/Fire       0%         N/A       83%         3
 Sigil of Binding         Hex            0%         N/A       83%         3
 Summon Ice Beast         Ice/Summ       0%         N/A       83%         3
 Volatile Blastmotes      Fire/Tloc      0%         2d10      83%         3
 Dimensional Bullseye     Hex/Tloc       0%         N/A       99%         4
 Flame Wave               Conj/Fire      0%         2d4       99%         4
 Fulminant Prism          Conj/Alch      0%         3d5       99%         4
 Iskenderun's Mystic Bla  Conj/Tloc      0%         2d3       99%         4
 Manifold Assault         Tloc           0%         N/A       99%         4
 Passage of Golubria      Tloc           0%         N/A       99%         4
 Sticky Flame             Fire/Alch      0%         2d4       99%         4
 Summon Blazeheart Golem  Fire/Summ      0%         N/A       99%         4
 Vhi's Electric Charge    Tloc/Air       0%         N/A       99%         4
 Alistair's Intoxication  Alch           0%         N/A       100%        5
 Arcjolt                  Conj/Air       0%         1d10      100%        5
 Irradiate                Conj/Alch      0%         3d11      100%        5
 Silence                  Hex/Air        0%         N/A       100%        5
 Summon Forest            Summ/Tloc      0%         N/A       100%        5
 Death Channel            Necr           0%         N/A       100%        6
 Dispersal                Tloc           0%         N/A       100%        6
 Eringya's Noxious Bog    Alch           0%         4d6       100%        6
 Permafrost Eruption      Ice/Erth       0%         2x4d2     100%        6
 Plasma Beam              Fire/Air       0%         2x1d10    100%        6
 Sculpt Simulacrum        Ice/Alch       0%         N/A       100%        6
 Starburst                Conj/Fire      0%         6d3       100%        6
 Malign Gateway           Summ/Tloc      0%         N/A       100%        7
 Summon Hydra             Summ           0%         N/A       100%        7
 Disjunction              Tloc           0%         N/A       100%        8
 Ignition                 Fire           0%         3d3       100%        8
 Lehudib's Crystal Spear  Conj/Erth      0%         10d2      100%        8


Dungeon Overview and Level Annotations

Branches:
Dungeon (15/15)            Temple (1/1) D:6            Lair (5/5) D:11
 Shoals (4/4) Lair:3        Snake (4/4) Lair:2        Slime (0/5) Lair:4
    Orc (2/2) D:9             Elf (1/3) Orc:2        Vaults (4/5) D:14
  Crypt (0/3) Vaults:2     Depths (0/4) D:15         Bailey (visited)

Altars:
Ashenzari
Cheibriados
Dithmenos
Elyvilon
Fedhas
Gozag
Hepliaklqana
Kikubaaqudgha
Makhleb
Nemelex Xobeh
Okawaru
Qazlal
Ru
Sif Muna
Trog
Uskayaw
Vehumet
Wu Jian
Xom
Yredelemnul
Zin
The Shining One
Jiyva

Shops:
D:2 :   D:3 [   D:5 !   D:6 **   D:12 *   Orc:2 !?*(   Shoals:1 =   Vaults:4 (

Annotations:
D:9 1 runed translucent door
D:11 2 transporters
D:14 3 runed translucent doors, Qialy's ghost, journeyman OpFi
Lair:5 exclusion: obsidian statue
Snake:2 6 transporters
Orc:1 2 transporters, 1 runed translucent door, cjoo's ghost, adept DrSh
Elf:1 Zenata


Innate Abilities, Weirdness & Mutations

You can wield a second weapon in your off-hand.
It takes a long time for you to wield or remove held weapons.
Your first few attacks do less damage.
You cannot equip rings or amulets.
You have a somewhat thin skeletal structure. (Dex +2, Stealth+)
Your natural rate of healing is unusually fast.


Message History

You reflect Zenata with the mirror!
The mirror clouds!
The +6 short sword of draining completely misses you.
The +6 short sword of draining misses you.
The +7 vampiric halberd hits you from afar!!
You emit a cloud of dark smoke.
The +6 short sword of draining hits you.
You feel drained.
The +7 vampiric halberd hits you from afar!!
* * * LOW HITPOINT WARNING * * *
Zenata barely misses Zenata.
The +6 short sword of draining attacks as it pursues you!
The +6 short sword of draining closely misses you.
The +7 vampiric halberd attacks as it pursues you!
The +7 vampiric halberd hits you from afar!!
* * * LOW HITPOINT WARNING * * *
The +6 short sword of draining hits you.
* * * LOW HITPOINT WARNING * * *
You feel drained.
The +7 vampiric halberd closely misses you.
The +6 short sword of draining misses you.
The +6 short sword of draining hits you.
* * * LOW HITPOINT WARNING * * *
You feel drained.
* * * LOW HITPOINT WARNING * * *
The +7 vampiric halberd misses you.
The +6 short sword of draining hits you!
* * * LOW HITPOINT WARNING * * *
You feel drained.
* * * LOW HITPOINT WARNING * * *
The +7 vampiric halberd closely misses you.
Your autodazzler retaliates!
The blinding ray misses the +6 short sword of draining.
The blinding ray misses the +7 vampiric halberd.
Blink to where?
Press: ? - help, Dir - move target
As you read the scroll of blinking, it crumbles to dust.
There is a staircase back to the Mines here.
The +7 vampiric halberd is no longer covered in acid.
The +6 short sword of draining hits you!
You die...

##a ##§##
.§. #.# ...
#.# §§
##'## .
##.(.##
##.....##
##.......##
#......(..#
##.....@..+
#........#
##......##
#.....##
##...##
##+##


You could see 2 dancing weapons.

Vanquished Creatures
  Norris (Vaults:1)
  Jory (Vaults:3)
  Jorgrun (D:13)
  Asterion (Vaults:3)
  2 sphinxes
  Polyphemus (Shoals:4)
  A storm dragon (Shoals:4)
  Aizul (Snake:4)
  Donald (Orc:1)
  A tengu reaver (D:13)
  An azure jelly (Lair:5)
  2 nagarajas
  17 vault wardens
  A frost giant (D:12)
  A fire giant (D:13)
  An iron dragon (D:12)
  5 very ugly things (Vaults:3)
  17 ironbound preservers
  An orc warlord (Vaults:1)
  The ghost of Gadrel the Fetichist, a journeyman CoFi of Gozag (Orc:2)
  Nessos (D:13)
  6 ironbound thunderhulks
  A war gargoyle (Vaults:1)
  2 deep elf annihilators
  27 dire elephants
  2 ettins
  Snorg (D:12)
  A crystal guardian (Vaults:4)
  4 merfolk javelineers
  The ghost of Yweboer the Cleaver, a journeyman DsFi (D:12)
  5 merfolk impalers
  Josephine (D:13)
  11 yaktaur captains
  Erolcha (D:9)
  Fannar (Orc:1)
  6 salamander tyrants (Snake:4)
  A peacekeeper (Vaults:4)
  8 hydras
  4 merfolk aquamancers
  9 great orbs of eyes
  10 vault guards
  4 catoblepae
  14 ironbound frosthearts
  10 ogre magi
  2 death knights (Vaults:2)
  A sphinx zombie (D:15)
  Erica (D:10)
  8 boulder beetles
  3 merfolk avatars
  38 two-headed ogres
  A dancing weapon (D:13)
  9 centaur warriors
  3 alligator snapping turtles
  A satyr (Shoals:4)
  14 anacondas
  4 death yaks (Shoals:4)
  3 tengu warriors (D:15)
  A sphinx skeleton (D:15)
  A deep troll earth mage (D:12)
  9 naga sharpshooters
  19 naga warriors
  Urug (Lair:4)
  9 shock serpents
  9 skysharks
  A fire crab (Lair:3)
  A hell knight (D:13)
  Sonja (Lair:4)
  6 skeletal warriors
  A shadow wraith (Vaults:2)
  12 salamander mystics
  A flayed ghost (D:15)
  A deep elf knight (D:13)
  Lodul (D:10)
  A spectral anaconda (Lair:5)
  10 sea snakes
  15 mana vipers
  3 glowing orange brains
  21 ironbound convokers
  8 arcanists
  5 naga ritualists
  41 deep trolls
  18 lindwurms
  5 necromancers
  3 orc knights
  25 harpies
  2 oklob plants (Lair:4)
  5 deep elf pyromancers
  11 fauns
  An orc sorcerer (Orc:2)
  12 manticores
  19 salamanders
  19 ugly things
  Maurice (D:10)
  A faun (shapeshifter) (D:12)
  2 meliai (D:12)
  13 cyclopes
  2 moths of wrath (Orc:2)
  16 elephants
  10 merfolk sirens
  7 guardian serpents
  40 black mambas
  20 vault sentinels
  12 naga magi
  A gargoyle (D:14)
  A torpor snail (Lair:1)
  7 water nymphs
  Maggie (D:6)
  14 cane toads
  3 tengu conjurers
  Psyche (D:8)
  2 efreet
  An unseen horror (D:6)
  28 yaktaurs
  11 komodo dragons
  A komodo dragon (shapeshifter) (D:15)
  A freezing wraith (D:13)
  A queen bee (D:12)
  7 trolls
  A tyrant leech (shapeshifter) (Vaults:1)
  27 merfolk
  2 polar bears
  A queen bee (shapeshifter) (D:14)
  12 wind drakes
  2 hornets (D:12)
  5 blink frogs (Lair:5)
  16 dream sheep
  4 snapping turtles
  2 spectral elephants (Lair:5)
  59 slime creatures
  7 air elementals (Shoals:4)
  27 yaks
  A spriggan skeleton (D:15)
  2 vampires
  A dire elephant simulacrum (Lair:5)
  21 water elementals
  A centaur simulacrum (D:13)
  5 wyverns
  6 wraiths
  9 basilisks
  7 wargs
  Grum (D:10)
  4 vampire mosquitoes (D:12)
  2 death yak simulacra (Lair:5)
  38 nagas
  3 acid dragons
  15 orc warriors
  A meliai simulacrum (D:12)
  12 water moccasins
  A laughing skull (D:12)
  3 black bears
  4 ice beasts
  31 ogres
  An elephant zombie (Lair:5)
  12 wolves
  4 boggarts
  11 centaurs
  5 kobold brigands
  11 bullfrogs
  7 scorpions
  8 gnoll sergeants (Bailey)
  5 wights (D:9)
  A cane toad simulacrum (Lair:5)
  2 elephant simulacra (Lair:5)
  9 killer bees
  4 howler monkeys
  7 jellies
  9 gnoll boudas
  3 hounds
  13 orc priests
  An iguana (D:4)
  A sleepcap (D:6)
  19 orc wizards
  9 gnolls (Bailey)
  6 adders
  2 shadow imps
  3 white imps
  4 ufetubi (D:6)
  6 dart slugs
  2 ribbon worms (D:3)
  77 orcs
  3 bats
  2 bat skeletons (D:12)
  2 bat zombies (D:12)
  10 endoplasms
  3 giant cockroaches
  8 goblins
  6 hobgoblins
  4 jackals (D:3)
  3 quokkas
  8 ball pythons
  6 frilled lizards
  28 kobolds
  2 rats
1439 creatures vanquished.

Vanquished Creatures (collateral kills)
  Nikola (Vaults:3)
1 creature vanquished.

Vanquished Creatures (others)
  A deep troll (Vaults:1)
  A black mamba (Snake:2)
2 creatures vanquished.

Grand Total: 1442 creatures vanquished

Notes
Turn   | Place    | Note
-------+----------+-------------------------------------------
     0 | D:1      | gribnar the Coglin Hunter began the quest for the Orb.
     0 | D:1      | Reached XP level 1. HP: 16/16 MP: 1/1
    69 | D:1      | Reached XP level 2. HP: 22/22 MP: 2/2
   401 | D:1      | Reached XP level 3. HP: 23/27 MP: 3/3
   808 | D:2      | Found Hiteux's Book Emporium.
   954 | D:2      | Identified the +3 dagger "Zeraodgh" {elec, rF++ Dex+2}
  1459 | D:3      | Reached skill level 5 in Ranged Weapons
  1463 | D:3      | Reached XP level 4. HP: 33/33 MP: 4/4
  1535 | D:3      | Identified the +2 sling "Goli" {antimagic, rC+ Str+2}
  1733 | D:3      | Found Purid's Armour Boutique.
  1838 | D:3      | Reached XP level 5. HP: 38/38 MP: 1/5
  1940 | D:3      | Found a faded altar of an unknown god.
  2198 | D:3      | Found a glowing silver altar of Zin.
  2266 | D:4      | Reached XP level 6. HP: 36/44 MP: 2/6
  2461 | D:4      | Found a burning altar of Makhleb.
  2538 | D:4      | Reached XP level 7. HP: 50/50 MP: 2/7
  2800 | D:5      | Entered Level 5 of the Dungeon
  2844 | D:5      | Gained mutation: You have a somewhat thin skeletal
                  | structure. (Dex +2, Stealth+) [potion of mutation]
  2844 | D:5      | Gained mutation: Your natural rate of healing is unusually
                  | fast. [potion of mutation]
  2847 | D:5      | HP: 1/50 [water moccasin (3)]
  2971 | D:5      | Reached XP level 8. HP: 36/58 MP: 2/8
  3267 | D:5      | Found Emehaysa's Distillery.
  3276 | D:5      | Bought a potion of might for 40 gold pieces
  3702 | D:6      | Found Rgiudd's Retail Resort.
  3789 | D:6      | Found a broken altar of Ashenzari.
  3983 | D:6      | Found a staircase to the Ecumenical Temple.
  4023 | D:6      | Found Gozag's Platinum Reserve.
  4059 | Temple   | Entered the Ecumenical Temple
  4104 | Temple   | Became a worshipper of Dithmenos the Shadowed
  4203 | D:6      | Found a snail-covered altar of Cheibriados.
  4228 | D:6      | Found an opulent altar of Gozag.
  4360 | D:7      | Noticed Maggie
  4382 | D:6      | Killed Maggie
  4383 | D:6      | Reached skill level 5 in Fighting
  4383 | D:6      | Reached XP level 9. HP: 25/68 MP: 3/9
  4492 | D:7      | Found a flagged portal.
  4501 | Bailey   | Entered a bailey
  4534 | Bailey   | Reached skill level 5 in Dodging
  4767 | Bailey   | Reached * piety under Dithmenos
  4770 | Bailey   | Paralysed by a gnoll bouda for 4 turns
  5080 | D:7      | Identified the +6 spear "Pofecsub" {drain, SInv}
  5102 | D:7      | Reached skill level 10 in Ranged Weapons
  5135 | D:7      | Identified the +11 scimitar "Owkyh Ecovub" {spect, rPois
                  | rF+ Will- rCorr}
  5167 | D:7      | Found an ornate altar of the Wu Jian Council.
  5173 | D:7      | Found a sacrificial altar of Ru.
  5184 | D:7      | Found a radiant altar of Vehumet.
  5189 | D:7      | Reached XP level 10. HP: 77/77 MP: 3/10
  5191 | D:7      | Noticed a manticore
  5200 | D:7      | Killed a manticore
  5325 | D:7      | Noticed a deep elf pyromancer
  5392 | D:6      | Killed an unseen horror
  5508 | D:7      | Noticed a two-headed ogre
  5531 | D:7      | Killed a two-headed ogre
  5956 | D:7      | Identified the +0 chain mail of Tortelloni {-Tele rF+
                  | Regen+}
  6000 | D:7      | Killed a deep elf pyromancer
  6329 | D:7      | Noticed a cyclops
  6334 | D:7      | Killed a cyclops
  6335 | D:7      | Reached XP level 11. HP: 87/87 MP: 3/11
  6420 | D:8      | Reached ** piety under Dithmenos
  6481 | D:8      | Found an iron altar of Okawaru.
  6642 | D:8      | Noticed Psyche
  6651 | D:8      | Killed Psyche
  6781 | D:8      | Noticed a two-headed ogre
  6785 | D:8      | Killed a two-headed ogre
  6821 | D:8      | Found a stormy altar of Qazlal.
  7018 | D:9      | Noticed Erolcha
  7025 | D:9      | Killed Erolcha
  7257 | D:9      | Reached *** piety under Dithmenos
  7370 | D:9      | Found a runed translucent door.
  7373 | D:9      | Found a basalt altar of Yredelemnul.
  7387 | D:9      | Found a staircase to the Orcish Mines.
  7437 | D:9      | Noticed a two-headed ogre
  7445 | D:9      | Killed a two-headed ogre
  7637 | D:10     | Entered Level 10 of the Dungeon
  7637 | D:10     | Noticed Lodul
  7803 | D:10     | Found a bloodstained altar of Trog.
  7811 | D:10     | Identified the +6 dagger of Iwenufug {flame, Str+6 Int+4}
  7827 | D:10     | Noticed Grum
  7927 | D:10     | Reached skill level 1 in Stealth
  7999 | D:10     | Reached skill level 1 in Evocations
  8040 | D:10     | Killed Grum
  8167 | D:10     | Noticed Erica
  8173 | D:10     | Killed Erica
  8174 | D:10     | Reached skill level 10 in Fighting
  8201 | D:10     | Noticed Maurice
  8208 | D:10     | Killed Maurice
  8298 | D:10     | Killed Lodul
  8310 | D:10     | Reached XP level 12. HP: 97/97 MP: 4/12
  8362 | D:10     | Found a shimmering blue altar of Sif Muna.
  8710 | D:11     | Found a staircase to the Lair.
  9072 | D:11     | Found a transporter.
  9086 | D:11     | Identified the +4 chain mail of Responsibility {Fly rN+++
                  | Regen+ Int-3}
  9155 | D:11     | Found a transporter.
  9163 | D:11     | Noticed a two-headed ogre
  9170 | D:11     | Killed a two-headed ogre
  9465 | Lair:1   | Entered Level 1 of the Lair of Beasts
  9978 | Lair:1   | Reached **** piety under Dithmenos
  9988 | Lair:1   | Reached skill level 5 in Evocations
 10795 | Lair:2   | Reached skill level 10 in Dodging
 10921 | Lair:2   | Identified the +1 leather armour of Noon {+Inv SInv}
 11197 | Lair:2   | Found a staircase to the Snake Pit.
 11486 | Lair:2   | Reached XP level 13. HP: 106/106 MP: 4/13
 11904 | Lair:3   | Reached skill level 5 in Stealth
 12092 | Lair:3   | Found a staircase to the Shoals.
 12724 | Lair:4   | Found a shimmering altar of Xom.
 12988 | Lair:4   | Found a viscous altar of Jiyva.
 12988 | Lair:4   | Found a staircase to the Slime Pits.
 13038 | Lair:4   | Noticed Sonja
 13146 | Lair:4   | Killed Sonja
 13300 | Lair:4   | Noticed Urug
 13642 | Lair:4   | Reached ***** piety under Dithmenos
 13987 | Lair:4   | Killed Urug
 14102 | Lair:5   | Entered Level 5 of the Lair of Beasts
 14284 | Lair:5   | Reached XP level 14. HP: 115/115 MP: 4/14
 14443 | Lair:5   | Noticed a dire elephant
 14554 | Lair:5   | Noticed an azure jelly
 15561 | Lair:5   | Reached skill level 10 in Evocations
 15848 | Lair:5   | Killed an azure jelly
 16178 | Lair:5   | Killed a dire elephant
 16216 | Lair:5   | Noticed a dire elephant
 16266 | Lair:5   | Killed a dire elephant
 16456 | Lair:5   | Noticed a dire elephant
 16790 | Lair:5   | Killed a dire elephant
 17386 | Orc:1    | Entered Level 1 of the Orcish Mines
 17386 | Orc:1    | Noticed Fannar
 17413 | Orc:1    | Killed Fannar
 17793 | Orc:1    | Found a transporter.
 17801 | Orc:1    | Found a transporter.
 17826 | Orc:2    | Entered Level 2 of the Orcish Mines
 18014 | Orc:2    | Noticed Donald
 18037 | Orc:1    | Killed Donald
 18097 | Orc:2    | Found a transporter.
 18156 | Orc:2    | Found a transporter.
 18162 | Orc:2    | Noticed Gadrel's ghost (journeyman CoFi)
 18200 | Orc:1    | Found a runed translucent door.
 18300 | Orc:1    | Noticed cjoo's ghost (adept DrSh)
 18335 | Orc:2    | Reached ****** piety under Dithmenos
 18523 | Orc:2    | Found a staircase to the Elven Halls.
 18612 | Orc:2    | Reached XP level 15. HP: 123/123 MP: 5/15
 19050 | Orc:2    | Paralysed by an ogre mage for 5 turns
 19193 | Orc:2    | Found Suboeloyba's Distillery.
 19194 | Orc:2    | Found Heutt's Assorted Antiques.
 19194 | Orc:2    | Found Olayvudgh's Weapon Shoppe.
 19194 | Orc:2    | Found Omoa's Magic Scroll Shop.
 19203 | Orc:2    | Bought a scroll of enchant weapon for 97 gold pieces
 19203 | Orc:2    | Bought a scroll of enchant armour for 97 gold pieces
 19203 | Orc:2    | Bought a scroll of acquirement for 676 gold pieces
 19203 | Orc:2    | Bought a scroll of enchant armour for 97 gold pieces
 19203 | Orc:2    | Bought a scroll of teleportation for 39 gold pieces
 19283 | Orc:2    | Bought a potion of might for 68 gold pieces
 19283 | Orc:2    | Bought 2 potions of curing for 102 gold pieces
 19283 | Orc:2    | Bought a potion of lignification for 51 gold pieces
 19447 | D:6      | Bought a +0 hand cannon of flaming for 830 gold pieces
 19457 | D:6      | Acquired the +3 greatsling "Punk" {acid, rCorr}
 19457 | D:6      | Found the +3 greatsling "Punk" {acid, rCorr}
 19796 | D:12     | Found a transporter.
 19806 | D:12     | Found a transporter.
 19806 | D:12     | Noticed Yweboer's ghost (journeyman DsFi)
 19871 | D:12     | Noticed Snorg
 19876 | D:12     | Killed Snorg
 19992 | D:12     | Found an ancient bone altar of Kikubaaqudgha.
 20127 | D:12     | Reached skill level 1 in Invocations
 20154 | D:12     | Noticed a frost giant
 20158 | D:12     | Killed a frost giant
 20227 | D:12     | Noticed an iron dragon
 20233 | D:12     | Killed an iron dragon
 20295 | D:12     | Found Daunuid's General Store.
 20334 | D:12     | Found the +5 glaive of the Guard {elec, spectral}
 20351 | D:12     | Identified the +4 war axe of the Shouting Eel {spect, rC+
                  | rN+ Str-3 SInv}
 20509 | D:13     | Noticed Josephine
 20516 | D:13     | Killed Josephine
 20612 | D:13     | Noticed Jorgrun
 20615 | D:13     | Noticed Nessos
 20720 | D:13     | Killed Jorgrun
 20852 | D:13     | Noticed a fire giant
 20855 | D:13     | Killed a fire giant
 20894 | D:13     | Identified the +8 war axe "Lypnoyge" {freeze, *Slow Will+
                  | rCorr}
 20951 | D:13     | Noticed a tengu reaver
 20960 | D:13     | Killed a tengu reaver
 21071 | D:13     | Reached XP level 16. HP: 117/130 MP: 18/18
 21249 | D:13     | Acquired a dynamic matrix {AutoDazzle, rPois rCorr Slay+3}
 21543 | D:13     | Killed Nessos
 21742 | D:14     | You fall into a shaft and drop 1 floor!
 21742 | D:15     | Entered Level 15 of the Dungeon
 21792 | D:14     | Identified the +4 lajatang of Torr {flame, rF++ rN+ rCorr
                  | Int+3}
 22005 | D:14     | Found a gate to the Vaults.
 22190 | D:14     | Reached skill level 15 in Ranged Weapons
 22322 | D:14     | Found a runed translucent gate.
 22322 | D:14     | Found a runed translucent gate.
 22322 | D:14     | Found a runed translucent gate.
 22323 | D:14     | Noticed Qialy's ghost (journeyman OpFi)
 22482 | D:15     | Reached skill level 10 in Stealth
 22543 | D:15     | Found a staircase to the Depths.
 22630 | D:15     | Reached skill level 5 in Invocations
 22713 | D:15     | Reached XP level 17. HP: 140/140 MP: 20/20
 23040 | Shoals:1 | Entered Level 1 of the Shoals
 23142 | Shoals:1 | Found Yniest's Jewellery Emporium.
 23765 | Shoals:2 | Reached skill level 15 in Fighting
 24108 | Shoals:2 | Identified the +10 short sword of Incongruity {heavy, rCorr
                  | Int-3 SInv Stlth+}
 25190 | Shoals:4 | Entered Level 4 of the Shoals
 25495 | Shoals:4 | Paralysed by an air elemental for 1 turns
 25499 | Shoals:4 | Paralysed by an air elemental for 1 turns
 25502 | Shoals:4 | Reached XP level 18. HP: 143/149 MP: 23/23
 25741 | Shoals:4 | Noticed Polyphemus
 25750 | Shoals:4 | Killed Polyphemus
 26054 | Shoals:4 | Identified the +9 war axe of Salt {pain, rF+ rC+ Int+3}
 26156 | Shoals:4 | Got Sif Muna's Vellum of Mutated Attacks
 26158 | Shoals:4 | Got a barnacled rune of Zot
 26181 | Shoals:4 | Paralysed by an air elemental for 1 turns
 26636 | Orc:2    | Killed Gadrel's ghost
 26665 | Orc:2    | Identified the +0 helmet "Gaer Lea" {rCorr Str-5 Int+5}
 26873 | Snake:1  | Entered Level 1 of the Snake Pit
 27769 | Snake:2  | Found a transporter.
 27771 | Snake:2  | Found a transporter.
 27844 | Snake:2  | Found a transporter.
 27846 | Snake:2  | Found a transporter.
 28029 | Snake:2  | Reached XP level 19. HP: 135/157 MP: 24/24
 28365 | Snake:2  | Found a transporter.
 28372 | Snake:2  | Found a transporter.
 28601 | Snake:2  | Reached skill level 15 in Dodging
 29493 | Snake:3  | Found a shimmering blue altar of Sif Muna.
 29497 | Snake:3  | Got Cehosk's Vademecum on Distance
 29709 | Snake:4  | Entered Level 4 of the Snake Pit
 29945 | Snake:4  | Identified the serpent talisman of Too Many Cooks {rF+
                  | Will+ Dex+7 SInv}
 29945 | Snake:4  | Noticed Aizul
 29952 | Snake:4  | Killed Aizul
 30279 | Snake:4  | Identified the +1 rapier of Woe {freeze, rN+ Dex+5}
 30531 | Snake:4  | Got a serpentine rune of Zot
 30891 | Vaults:1 | Entered Level 1 of the Vaults
 30954 | Vaults:1 | Reached XP level 20. HP: 126/167 MP: 26/26
 30978 | Vaults:1 | Reached skill level 15 in Evocations
 31237 | Vaults:1 | Noticed Norris
 31568 | Vaults:1 | Killed Norris
 32423 | Vaults:1 | Identified the +5 falchion of the Enfolding Madman {drain,
                  | *Noise +Blink Str-3 Dex+6}
 32768 | Vaults:2 | Reached XP level 21. HP: 103/175 MP: 28/28
 33138 | Vaults:2 | Reached skill level 10 in Invocations
 33456 | Vaults:2 | Found a staircase to the Crypt.
 33593 | Vaults:3 | Noticed Asterion
 33602 | Vaults:3 | Killed Asterion
 33812 | Vaults:3 | Noticed Jory
 33824 | Vaults:3 | Killed Jory
 34278 | Vaults:3 | Noticed Nikola
 34286 | Vaults:3 | Killed Nikola
 35155 | Vaults:4 | Reached XP level 22. HP: 157/184 MP: 30/30
 35368 | Vaults:4 | Identified the +8 shortbow of the Crushed Suns {flame, rC+
                  | rCorr}
 36042 | Vaults:4 | Identified the +1 pair of gloves of the Baku {rElec Slay+2}
 36166 | Vaults:4 | Found Pudebrotump's Weapon Boutique.
 36552 | D:12     | Killed Yweboer's ghost
 36583 | D:12     | Identified the staff of Peng {Fly Will+ Conj}
 36760 | Elf:1    | Entered Level 1 of the Elven Halls
 36780 | Elf:1    | Noticed Zenata
 36790 | Elf:1    | HP: 6/180 [+6 short sword of draining[Zenata] (12)]
 36793 | Elf:1    | Slain by a +6 short sword of draining

Illustrated notes

Levels and vault maps discovered:
D:1:      beargit_arrival_greenhouse, layout_basic, chequers_big_river,
          minmay_statues_item
D:2:      layout_loops_ring, serial_shops, shop_fountains
D:3:      layout_basic, zin_scriptorium, dreamdust_ecumenical_altar_statues,
          serial_shops, nicolae_square_shop
D:4:      layout_cave_pools, mainiacjoe_overflow_paths
D:5:      layout_basic, serial_shops, shop_fountains
D:6:      layout_basic, nicolae_gozag_zags_fifth_avenue, cheibriados_altar_1,
          mainiacjoe_overflow_concentric_impassable,
          minmay_temple_entry_stoned_glass, nicolae_alphabet_shops
D:7:      minmay_the_grid_plus_closed [minmay_the_grid_minigrid_large,
          minmay_the_grid_minigrid_small_alt, minmay_the_grid_outer_circle,
          minmay_the_grid_plusring, minmay_the_grid_prize_trominoes],
          layout_loops_cross, kennysheep_mini_moat,
          mainiacjoe_overflow_catwalk_spiral, enter_bailey_2, uniq_maggie
D:8:      layout_rooms, nicolae_qazlal_eye_of_the_storm,
          okawaru_metal_pillars_1_2, uniq_psyche
D:9:      layout_irregular_city, dk_yredelemnul_ordeal, orc_0_dummy,
          uniq_erolcha
D:10:     layout_irregular_city, bloody_trog, mainiacjoe_overflow_brackets,
          uniq_grum, uniq_maurice, uniq_erica, uniq_lodul
D:11:     layout_irregular_city, dpeg_oklobed_lair, nicolae_diode_stairs
D:12:     minmay_guarded_unrand_guard, layout_basic, gammafunk_ghost_hive,
          serial_shops, shop, kennysheep_vampire_church, uniq_snorg
D:13:     minmay_box_of_curves, layout_basic, uniq_josephine, uniq_nessos,
          uniq_jorgrun
D:14:     layout_rooms, skrybe_vaults_entry_preservation,
          ebering_ghost_rock_garden
D:15:     gammafunk_depths_entry_grave, layout_rooms
Temple:   kb_temple_of_zot
Lair:1:   layout_gridlike, chequers_serial_rivers_small_3
Lair:2:   layout_cave_pods, alex1729_snake_entry_snake
Lair:3:   layout_regular_city, minmay_shoals_entry_centaurs, grunt_megastairs_5,
          infiniplex_staircase_pool_2
Lair:4:   layout_regular_city, minmay_slime_entry_pillars, lemuel_oklob_altar,
          uniq_urug, uniq_sonja
Lair:5:   due_jungle_book, layout_big_grid, nicolae_lair_time_for_slime
Shoals:1: layout_shoals, serial_shops, nicolae_shop_waterfront
Shoals:2: layout_shoals
Shoals:3: layout_shoals
Shoals:4: shoals_end_hellmonk_storm_palace [storm_palace_center_square,
          storm_palace_corner_narrow, storm_palace_corner_reverse_hut,
          storm_palace_corner_pillars, storm_palace_corner_grid],
          uniq_polyphemus
Snake:1:  nicolae_snakescales, layout_onion_interference
Snake:2:  layout_chambers, serial_bayou_pond_a, serial_nicolae_subway,
          nicolae_sub_station_metal, nicolae_sub_station_stone,
          nicolae_sub_station_crystal, lemuel_fruit_tree
Snake:3:  layout_gridlike, serial_library_hellmonk_narrow_alcove
Snake:4:  snake_pit_salamanders_mu, layout_rooms, uniq_aizul
Orc:1:    emtedronai_trogs_sanctum, layout_diamond_mine,
          ebering_ghost_inner_flame, uniq_fannar
Orc:2:    st_orc_ogre_mass, layout_diamond_mine,
          gammafunk_ghost_berserking_beasts, uniq_donald
Elf:1:    layout_loops_corners, serial_shops, shop,
          portal_desolation_entry_twin_temple, kb_rosetta, st_stairs_14,
          serial_library_hellmonk_hallway_a, minmay_misc_feat_columns,
          minmay_shop_grove, uniq_zenata, uniq_louise
Vaults:1: nicolae_vaults_house_2, nicolae_vaults_stepped_doors, st_eye,
          nicolae_vaults_tetromino_T_2, nicolae_vaults_trapezoid_3,
          nicolae_vaults_trapezoid_lopsided_3, v_misc_16, v_misc_9, v_pattern_3,
          nicolae_vaults_little_squares_6,
          nicolae_vaults_windows_and_doors_thing, hangedman_vaults_cutoff,
          ontoclasm_vaults_spin, layout_vaults_maze, uniq_norris
Vaults:2: nicolae_vaults_back_hallway, grunt_vaults_twisty,
          nicolae_vaults_closet_pinwheel_1, blue_anna_dwarven_crypt,
          ontoclasm_vaults_shuriken, v_misc_18, v_alt_pattern_3,
          hangedman_vaults_stream, nicolae_vaults_specimen_jars,
          grunt_vaults_funnel, nicolae_vaults_border_crossing,
          vaults_room_ringed_pool, nicolae_vaults_diamond_1,
          layout_vaults_omnibox
Vaults:3: v_misc_30, ontoclasm_vaults_chip, nicolae_vaults_security_offices_3,
          nicolae_vaults_network_periphery,
          vaults_standard_mumra_enter_the_diamond, nicolae_vaults_asterisk,
          nicolae_vaults_apartment_1, nicolae_vaults_tetromino_L_2,
          nicolae_vaults_more_shelving_1, nicolae_vaults_trapezoid_3,
          nicolae_vaults_alarming, nicolae_vaults_cochlea, vaults_dpeg_cross,
          layout_vaults_omnicross, uniq_asterion, uniq_nikola, uniq_jory
Vaults:4: nicolae_vaults_diamond_2, nicolae_vaults_heist,
          nicolae_vaults_double_plus_3, vaults_standard_mumra_lines, v_rooms_5,
          nicolae_vaults_sightless_eye, nicolae_vaults_closet_pinwheel_6,
          ontoclasm_vaults_bender, v_misc_17, layout_vaults_quadrants,
          serial_shops, shop

Skill      XL: |  1  2  3  4  5  6  7  8  9 10 11 12 13 14 15 16 17 18 19 20 21 22 |
---------------+-------------------------------------------------------------------+-----
Ranged Weapons | 4 5 6 7 8 9 10 11 12 13 14 15 16 17 18 | 18.0
Dodging        | 2 4 6 7 9 10 11 12 13 14 15 16 17 | 17.0
Fighting       | 3 5 6 8 10 11 12 13 14 15 16 17 18 | 18.4
Stealth        | 2 4 6 8 9 10 11 12 13 14 | 14.9
Evocations     | 3 6 9 11 12 13 14 16 17 | 17.7
Invocations    | 2 5 6 7 8 9 10 11 | 11.2

Action                     |  1- 3 |  4- 6 |  7- 9 | 10-12 | 13-15 | 16-18 | 19-21 | 22-24 || total
---------------------------+-------+-------+-------+-------+-------+-------+-------+-------++-------
   Fire: Sling             |   164 |   217 |   644 |  1342 |  2298 |       |       |       ||  4665
         Hand cannon       |       |       |       |       |   140 |   856 |   966 |   151 ||  2113
         Greatsling        |       |       |       |       |   140 |   856 |   966 |   151 ||  2113
 Invoke: Shadow Form       |       |       |       |       |       |     1 |       |       ||     1
Ability: Invent Gizmo      |       |       |       |       |       |     1 |       |       ||     1
  Evoke: Wand              |       |       |       |     5 |    13 |       |       |       ||    18
         Phantom mirror    |       |       |       |       |       |       |     1 |     1 ||     2
         Box of beasts     |       |       |       |       |       |       |     1 |       ||     1
         Phial of floods   |       |       |       |       |       |       |     1 |       ||     1
    Use: Scroll            |     1 |       |    10 |     9 |    10 |     9 |     4 |     3 ||    46
         Potion            |       |       |     6 |       |     1 |     1 |     3 |     1 ||    12
 Armour: Leather armour    |     5 |    18 |    34 |       |       |       |       |    12 ||    69
         Skin              |       |       |    47 |       |       |       |    41 |       ||    88
         Steam dragon scal |       |       |    28 |    84 |   209 |   159 |   124 |    13 ||   617
  Dodge: Dodged            |     5 |     8 |    79 |   125 |   336 |   305 |   244 |    83 ||  1185

Table legend: (Time is in decaauts)
 A = Elapsed time spent in this place.
 B = Non-inter-level travel time spent in this place.
 C = Inter-level travel time spent in this place.
 D = Time resting spent in this place.
 E = Time spent auto-exploring this place.
 F = Levels seen in this place.
 G = Mean time per level.
                   A        B        C        D        E       F      G
               +--------+--------+--------+--------+--------+-----+--------+
         Total |  36503 |  33319 |   3184 |   4477 |  21995 |  37 |  986.6 |
       Dungeon |  13120 |  11706 |   1414 |   1184 |   8300 |  15 |  874.7 |
        Temple |     75 |     16 |     59 |      0 |      0 |   1 |   75.0 |
          Lair |   7972 |   7362 |    610 |   2018 |   3819 |   5 | 1594.4 |
        Shoals |   3633 |   3375 |    258 |    497 |   2179 |   4 |  908.2 |
     Snake Pit |   3700 |   3420 |    280 |    216 |   2584 |   4 |  925.0 |
  Orcish Mines |   2021 |   1743 |    278 |    234 |   1027 |   2 | 1010.5 |
   Elven Halls |     32 |     32 |      0 |      0 |     18 |   1 |   32.0 |
        Vaults |   5379 |   5097 |    282 |    287 |   3820 |   4 | 1344.8 |
        Bailey |    567 |    567 |      0 |     39 |    248 |   1 |  567.0 |
               +--------+--------+--------+--------+--------+-----+--------+

Top non-repeatable levels by time:
  Lair:5: 2881 daAuts
  Lair:2: 1541 daAuts
Vaults:1: 1463 daAuts
  Lair:4: 1443 daAuts
Vaults:3: 1412 daAuts
Vaults:4: 1381 daAuts
    D:13: 1289 daAuts
     D:7: 1279 daAuts
    D:10: 1252 daAuts
Shoals:4: 1211 daAuts
   Orc:2: 1144 daAuts
  Lair:1: 1140 daAuts
 Snake:2: 1140 daAuts
Vaults:2: 1122 daAuts
     D:6: 1103 daAuts
